 Dungeon Sprint DCSS version bcrawl-1.12.1 (webtiles) character file.

Game seed: 5305482744347921430

9100000 Groucho the Axe Maniac (level 27, 0/249 HPs)
             Began as a Formicid Fighter on July 14, 2019.
             Was the Champion of Makhleb.
             Killed by divine providence
             ... invoked by an accursed
              (15 damage)
             ... in the Dungeon (Sprint VIII: "Arena of Blood").
             The game lasted 00:03:58 (91 turns).

Groucho the Axe Maniac (Formicid Fighter)             Turns: 91, Time: 00:03:59

Health: 0/249      AC: 13    Str: 23    XL:     27
Magic:  36/54      EV: 32    Int: 10    God:    Makhleb [******]
Gold:   0          SH: 19    Dex: 19    Spells: 80/80 levels left

rFire    . . .     SeeInvis +   l - +∞ Axe of Woe
rCold    . . .     Gourm    .   c - +0 shield
rNeg     . . .     Faith    .   b - +0 scale mail
rPois    .         Spirit   .   (helmet unavailable)
rElec    .         Reflect  .   (no cloak)
rCorr    .         Harm     .   (no gloves)
MR       ++...                  (no boots)
Stlth    ++++++++..             (no amulet)
HPRegen  0.51/turn              (no ring)
MPRegen  0.34/turn              (no ring)

@: no status effects
A: permanent stasis, dig shafts and tunnels, four strong arms, antennae 3
a: Dig, Minor Destruction, Lesser Servant of Makhleb, Major Destruction, Greater
Servant of Makhleb, Renounce Religion


You were in the Dungeon.
You worshipped Makhleb.
Makhleb was exalted by your worship.
You were not hungry.

You visited 1 branch

Inventory:

Hand Weapons
 a - a +0 flail
 l - the +∞ Axe of Woe (weapon)
   (You found it in the Dungeon)
Armour
 b - a +0 scale mail (worn)
 c - a +0 shield (worn)
Jewellery
 m - a +200 ring of slaying
 n - a +200 ring of slaying
 o - a +200 ring of slaying
 p - a +200 ring of slaying
 q - a +200 ring of slaying
 r - a +200 ring of slaying
 s - a +200 ring of slaying
 t - a +100 ring of slaying
 u - a +250 ring of slaying
 v - a +100 ring of slaying
 w - a +200 ring of slaying
 x - a +200 ring of slaying
 y - a +200 ring of slaying
Scrolls
 k - a scroll of blinking
Potions
 d - a potion of might
 e - a potion of curing
 g - a potion of heal wounds
 h - a potion of haste
 i - 2 potions of magic
 j - a potion of berserk rage
Comestibles
 f - a ration {!d}


   Skills:
 O Level 27 Fighting
 O Level 27 Axes
 O Level 27 Maces & Flails
 O Level 27 Throwing
 O Level 27 Armour
 O Level 27 Dodging
 O Level 27 Stealth
 O Level 27 Shields
 O Level 27 Unarmed Combat
 O Level 27 Spellcasting
 O Level 27 Invocations


You had 80 spell levels left.
You didn't know any spells.
Your spell library was empty.

Dungeon Overview and Level Annotations

Branches:
Dungeon (1/1)

Altars:
Makhleb


Innate Abilities, Weirdness & Mutations

You cannot be hasted, slowed, berserked, paralysed or teleported.
You can dig through walls and to a lower floor.
Your four strong arms can wield two-handed weapons with a shield.
You have a pair of large antennae on your head. (SInv)


Message History

Unknown command.
Unknown command.
A bag of meat comes into view. It is wielding a +9 war axe.
You hear a shout! x5
The meat berserker rages.
An observer comes into view.
You hear a shout! x7
Items here: ))))))))))))))))))) =================== †
w - a +200 ring of slaying;
x - a +200 ring of slaying
y - a +200 ring of slaying You hear a shout! x3
A meat berserker comes into view. It is wielding a +9 battleaxe.
You hear a shout!
The destroyer blinks!
The meat berserker is engulfed in blazing flames.
The meat berserker hits you with a +9 battleaxe!!!
* * * LOW HITPOINT WARNING * * *
The accursed points at you and mumbles some strange words.
Something smites you!
You die...

.. ..... #.. ...#
{{#.. ...# .
%###.. ...###..
.2..%O###......
{{z2O._.%.V.
#.))W)# #_)<☼_# {
#.)@OW# { {{
.....o.☼°☼)§zDO..
...W..###..o.M...
.###%. ...###o..
{ #G. {...# .. #.
....# ..{ .....
.. D......


You could see an accursed, a meat beast, an eight-headed meat hydra, a
destroyer, an observer (wandering), 2 sculptors of flesh, 3 wretched souls, 4
meat berserkers and 3 bags of meat.

Vanquished Creatures
  3 hell beasts (D)
  2 greater mummies (D)
  A wraith (D)
  17 vampire knights (D)
  33 ogres (D)
  6 two-headed ogres (D)
  A lich (D)
  A hydra (D)
  41 orcs (D)
  A phantom (D)
  A skeletal warrior (D)
  6 large abominations (D)
  5 small abominations (D)
  3 crawling corpses (D)
121 creatures vanquished.

Notes
Turn   | Place    | Note
-------+----------+-------------------------------------------
     0 | D        | Found the +∞ Axe of Woe
     0 | D        | Groucho the Formicid Fighter began the quest for the Orb.
     0 | D        | Reached XP level 1. HP: 18/18 MP: 1/1
     2 | D        | Noticed a bag of meat
     3 | D        | Noticed a bag of meat
     4 | D        | Became a worshipper of Makhleb the Destroyer
     4 | D        | Noticed a bag of meat
     5 | D        | Noticed a meat berserker
     6 | D        | Noticed a meat berserker
     6 | D        | Noticed a bag of meat
     8 | D        | Noticed a bag of meat
     9 | D        | Killed a bag of meat
     9 | D        | Reached XP level 2. HP: 24/24 MP: 2/2
     9 | D        | Reached XP level 3. HP: 29/29 MP: 3/3
     9 | D        | Reached XP level 4. HP: 35/35 MP: 4/4
     9 | D        | Reached XP level 5. HP: 41/41 MP: 5/5
     9 | D        | Reached XP level 6. HP: 47/47 MP: 6/6
     9 | D        | Reached XP level 7. HP: 52/52 MP: 7/7
     9 | D        | Reached XP level 8. HP: 58/58 MP: 8/8
     9 | D        | Reached XP level 9. HP: 64/64 MP: 9/9
     9 | D        | Reached XP level 10. HP: 70/70 MP: 10/10
     9 | D        | Reached XP level 11. HP: 75/75 MP: 11/11
     9 | D        | Reached XP level 12. HP: 81/81 MP: 12/12
     9 | D        | Noticed a bag of meat
     9 | D        | Noticed a bag of meat
    10 | D        | Noticed a bag of meat
    10 | D        | Killed a meat berserker
    10 | D        | Reached * piety under Makhleb
    10 | D        | Reached XP level 13. HP: 35/86 MP: 13/13
    10 | D        | Reached XP level 14. HP: 38/93 MP: 14/14
    10 | D        | Killed a meat berserker
    10 | D        | Reached XP level 15. HP: 96/98 MP: 15/15
    10 | D        | Reached skill level 27 in Axes
    10 | D        | Reached XP level 16. HP: 102/104 MP: 16/16
    11 | D        | Reached ** piety under Makhleb
    11 | D        | Reached skill level 27 in Dodging
    11 | D        | Reached skill level 15 in Armour
    12 | D        | Reached XP level 17. HP: 138/138 MP: 17/17
    14 | D        | Noticed a meat berserker
    14 | D        | Reached *** piety under Makhleb
    14 | D        | Reached skill level 15 in Fighting
    14 | D        | Noticed a meat berserker
    15 | D        | Noticed a meat berserker
    16 | D        | Noticed a meat berserker
    17 | D        | Reached XP level 18. HP: 154/154 MP: 18/18
    19 | D        | Killed a meat berserker
    20 | D        | Killed a meat berserker
    20 | D        | Reached **** piety under Makhleb
    20 | D        | Reached skill level 27 in Armour
    20 | D        | Reached XP level 19. HP: 176/176 MP: 19/19
    21 | D        | Killed a meat berserker
    21 | D        | Reached skill level 27 in Shields
    21 | D        | Noticed a large bag of meat
    21 | D        | Noticed a meat berserker
    22 | D        | Killed a large bag of meat
    22 | D        | Reached skill level 27 in Fighting
    22 | D        | Reached XP level 20. HP: 197/197 MP: 19/34
    22 | D        | Killed a meat berserker
    22 | D        | Reached skill level 27 in Invocations
    22 | D        | Noticed a meat berserker
    22 | D        | Noticed a destroyer
    23 | D        | Noticed a destroyer
    23 | D        | Reached ***** piety under Makhleb
    23 | D        | Reached XP level 21. HP: 204/204 MP: 19/38
    23 | D        | Noticed a meat berserker
    23 | D        | Noticed a large bag of meat
    24 | D        | Noticed a meat berserker
    25 | D        | Killed a destroyer
    25 | D        | Reached skill level 27 in Unarmed Combat
    25 | D        | Reached skill level 10 in Maces & Flails
    25 | D        | Reached skill level 10 in Throwing
    25 | D        | Reached skill level 10 in Spellcasting
    25 | D        | Reached XP level 22. HP: 212/212 MP: 19/39
    25 | D        | Noticed a meat berserker
    25 | D        | Noticed a destroyer
    25 | D        | Noticed a meat berserker
    26 | D        | Killed a meat berserker
    26 | D        | Noticed a meat berserker
    26 | D        | Noticed a meat berserker
    27 | D        | Reached skill level 15 in Maces & Flails
    27 | D        | Reached skill level 15 in Throwing
    27 | D        | Reached skill level 15 in Spellcasting
    27 | D        | Noticed a meat berserker
    28 | D        | Noticed a destroyer
    29 | D        | Killed a meat berserker
    29 | D        | Reached XP level 23. HP: 187/219 MP: 20/45
    30 | D        | Killed a destroyer
    30 | D        | Reached skill level 27 in Stealth
    31 | D        | Reached XP level 24. HP: 227/227 MP: 20/51
    31 | D        | Reached skill level 27 in Maces & Flails
    31 | D        | Reached skill level 27 in Throwing
    31 | D        | Reached skill level 27 in Spellcasting
    32 | D        | Killed a large bag of meat
    32 | D        | Reached ****** piety under Makhleb
    32 | D        | Reached XP level 25. HP: 234/234 MP: 21/54
    32 | D        | Noticed a destroyer
    33 | D        | Killed a destroyer
    33 | D        | Reached XP level 26. HP: 242/242 MP: 21/54
    35 | D        | Reached XP level 27. HP: 249/249 MP: 21/54
    35 | D        | Noticed a large bag of meat
    35 | D        | Noticed a destroyer
    36 | D        | Killed a destroyer
    38 | D        | Killed a destroyer
    38 | D        | Noticed a large bag of meat
    39 | D        | Noticed a destroyer
    39 | D        | Killed a destroyer
    40 | D        | Noticed a destroyer
    41 | D        | Killed a large bag of meat
    41 | D        | Noticed a destroyer
    41 | D        | Noticed a destroyer
    42 | D        | Killed a destroyer
    42 | D        | Noticed a destroyer
    43 | D        | Noticed a destroyer
    43 | D        | Killed a destroyer
    45 | D        | Noticed an accursed
    45 | D        | Killed a destroyer
    45 | D        | Killed a destroyer
    46 | D        | Noticed a tyrant
    47 | D        | Noticed an accursed
    47 | D        | Killed a large bag of meat
    47 | D        | Killed a destroyer
    47 | D        | Noticed a destroyer
    50 | D        | Killed a tyrant
    50 | D        | Killed a destroyer
    52 | D        | Killed an accursed
    52 | D        | Killed a destroyer
    54 | D        | Noticed a destroyer
    55 | D        | Noticed a destroyer
    55 | D        | Noticed a large bag of meat
    57 | D        | Noticed a destroyer
    58 | D        | Killed an accursed
    60 | D        | Killed a destroyer
    61 | D        | Noticed a meat beast
    61 | D        | Killed a destroyer
    62 | D        | Killed a meat beast
    63 | D        | Killed a destroyer
    66 | D        | Noticed a destroyer
    66 | D        | Noticed a large bag of meat
    67 | D        | Noticed a dread
    68 | D        | Killed a destroyer
    72 | D        | Noticed an accursed
    72 | D        | Noticed a meat beast
    74 | D        | Killed a large bag of meat
    76 | D        | Killed a large bag of meat
    78 | D        | Killed a meat beast
    79 | D        | Killed a dread
    80 | D        | Noticed a meat beast
    81 | D        | Noticed a destroyer
    84 | D        | Killed a meat beast
    85 | D        | Noticed a dread
    89 | D        | Noticed a meat beast
    91 | D        | Killed from afar by an accursed

Skill      XL: |  1  2  3  4  5  6  7  8  9 10 11 12 13 14 15 16 17 18 19 20 21 22 23 24 |
---------------+-------------------------------------------------------------------------+-----
Axes           | 19 24 26 27 | 27.0
Dodging        | 18 22 24 26 27 | 27.0
Fighting       | 13 17 22 27 | 27.0
Armour         | 18 22 27 | 27.0
Shields        | 14 18 24 27 | 27.0
Invocations    | 21 27 | 27.0
Unarmed Combat | 18 27 | 27.0
Maces & Flails | 10 18 24 27 | 27.0
Throwing       | 10 18 24 27 | 27.0
Stealth        | 12 22 27 | 27.0
Spellcasting   | 10 18 24 27 | 27.0

Action                   |  1- 3 |  4- 6 |  7- 9 | 10-12 | 13-15 | 16-18 | 19-21 | 22-24 | 25-27 || total
-------------------------+-------+-------+-------+-------+-------+-------+-------+-------+-------++-------
Melee: Executioner's axe |     1 |       |       |     1 |       |     6 |     4 |     6 |    45 ||    63
Invok: Greater Servant o |       |       |       |       |       |       |     1 |     1 |       ||     2
Dodge: Dodged            |       |       |       |       |       |       |       |       |     2 ||     2
Block: Shield            |       |       |       |       |       |       |       |       |     1 ||     1
